 Dungeon Crawl Stone Soup version 0.21.1-1-g345015f (webtiles) character file.

501 ByGGy the Ruffian (level 6, -3/59 HPs)
             Began as a Troll Monk on June 20, 2018.
             Was a Believer of Wu Jian.
             Killed from afar by an orc wizard (6 damage)
             ... with a magic dart
             ... on level 4 of the Dungeon.
             The game lasted 00:20:11 (3845 turns).

ByGGy the Ruffian (Troll Monk)                      Turns: 3845, Time: 00:20:12

Health: -3/59      AC: 10    Str: 20    XL:     6   Next: 95%
Magic:  5/5        EV: 11    Int:  9    God:    Wu Jian [**....]
Gold:   323        SH:  0    Dex: 14    Spells: 5/5 levels left

rFire    . . .     SeeInvis .     - Unarmed
rCold    . . .     Gourm    +   (no shield)
rNeg     . . .     Faith    .   l - +0 robe (curse)
rPois    .         Spirit   .   (helmet restricted)
rElec    .         Reflect  .   (no cloak)
rCorr    .         Harm     .   (gloves unavailable)
MR       .....                  (boots unavailable)
Stlth    ++........             (no amulet)
HPRegen  0.59/turn              c - +5 ring of protection
MPRegen  0.09/turn              m - +3 ring of intelligence

@: slowed, very slow
A: large, unfitting armour, claws 3, fast metabolism 3, gourmand, regeneration
1, shaggy fur 1, tough skin 2
a: Wall Jump, Renounce Religion


You were on level 4 of the Dungeon.
You worshipped Wu Jian.
Wu Jian was pleased with you.
You were very full.

You visited 2 branches of the dungeon, and saw 6 of its levels.
You also visited: Sewer.

You collected 323 gold pieces.

Inventory:

Missiles
 d - 98 stones (quivered)
Armour
 j - a +1 robe
 l - a cursed +0 robe (worn)
 n - a +0 robe
 A - a +0 robe
Jewellery
 c - a +5 ring of protection (left claw)
 m - a +3 ring of intelligence (right claw)
Scrolls
 a - a scroll of enchant armour
 e - a scroll of noise {unknown}
 f - a scroll of remove curse {unknown}
 h - a scroll of enchant weapon
 k - 2 scrolls of random uselessness {unknown}
 o - a scroll of magic mapping {unknown}
 p - 2 scrolls of amnesia {unknown}
 r - a scroll of teleportation {unknown}
 t - a scroll of blinking {unknown}
 y - a scroll of fear {unknown}
Potions
 g - 2 potions of ambrosia {unknown}
 i - a potion of haste {unknown}
 q - a potion of degeneration {unknown}
 s - a potion of berserk rage {unknown}
 u - a potion of brilliance {unknown}
 v - 4 potions of flight
 w - a potion of agility {unknown}
 x - a potion of invisibility {unknown}
Comestibles
 b - 18 rations


   Skills:
 + Level 2.9 Fighting
 + Level 3.7 Dodging
 + Level 2.2 Stealth
 + Level 5.9 Unarmed Combat


You had 5 spell levels left.
You didn't know any spells.

Dungeon Overview and Level Annotations

Branches:
Dungeon (5/15)             Temple (1/1) D:4

Altars:
Ashenzari
Gozag
Okawaru
Ru
Trog
Uskayaw
Vehumet
Wu Jian
Yredelemnul
Zin

Annotations:
D:4 1 exclusion


Innate Abilities, Weirdness & Mutations

You are too large for most types of armour.
You have claws for hands.
Your metabolism is lightning-fast.
You like to eat raw meat.
Your natural rate of healing is unusually fast.
You are covered in fur. (AC +1)
You have very tough skin. (AC +2)


Message History

The orc priest begins to cast a cantrip, but forgets the words!
The orc wizard hits you with a dagger.
The orc wizard mumbles some strange words.
The orc wizard blinks!
The orc priest invokes the aid of Beogh against you.
Beogh smites you!
* * * LOW HITPOINT WARNING * * *
The orc priest calls down the wrath of Beogh upon you.
Beogh smites you!
* * * LOW HITPOINT WARNING * * *
The orc wizard mumbles some strange words.
The orc wizard blinks!
Aiming: Wall Jump
Press: ? - help, Dir - move target cursor You can only wall jump against adjacent positions.
The orc wizard gestures wildly while chanting.
The orc wizard blinks!
The orc wizard casts a spell at you. The magic dart hits you!
You die...

##################
............^....#
.................#
.................#
...........ยง....>#
.................# #####
............o...@## #...#
.......#######....########...####
##.#.###.....#..o................
#.#.# #.....#............##.....
#.#.###.....#...........###...<.
##.#.#.o..>..'.##................
...#...#.....#.##.......####>....
...#...#.....#......)...# #.....
.......#.....#....###(.## #.....


You could see an orc priest and an orc wizard.

Vanquished Creatures
  An ogre (D:4)
  A phantom (D:4)
  2 hounds (D:4)
  An orc wizard (D:4)
  An orc priest (D:3)
  4 adders
  3 river rats (D:3)
  5 oozes (Sewer)
  8 worms
  4 leopard geckos (D:3)
  12 orcs
  4 ball pythons
  8 bats
  7 giant cockroaches
  5 goblins
  3 hobgoblins
  6 jackals
  6 quokkas
  8 frilled lizards
  9 kobolds
  8 rats
106 creatures vanquished.

Notes
Turn   | Place    | Note
-------+----------+-------------------------------------------
     0 | D:1      | ByGGy the Troll Monk began the quest for the Orb.
     0 | D:1      | Reached XP level 1. HP: 22/22 MP: 0/0
   450 | D:1      | Reached XP level 2. HP: 28/29 MP: 1/1
  1316 | D:2      | Reached XP level 3. HP: 29/36 MP: 2/2
  2027 | D:3      | Reached XP level 4. HP: 44/44 MP: 3/3
  2136 | D:3      | Reached skill level 4 in Unarmed Combat
  2413 | D:3      | Reached XP level 5. HP: 52/52 MP: 4/4
  2471 | D:3      | Found a glowing drain.
  2475 | Sewer    | Entered a sewer
  2884 | Sewer    | Reached skill level 5 in Unarmed Combat
  3251 | D:4      | Noticed a phantom
  3251 | D:4      | Noticed an ogre
  3377 | D:4      | Noticed an ogre
  3390 | D:4      | Killed an ogre
  3390 | D:4      | Reached XP level 6. HP: 46/59 MP: 5/5
  3524 | D:4      | Found a staircase to the Ecumenical Temple.
  3530 | Temple   | Entered the Ecumenical Temple
  3554 | Temple   | Became a worshipper of the Wu Jian Council
  3554 | Temple   | Reached * piety under Wu Jian
  3554 | Temple   | Reached ** piety under Wu Jian
  3700 | D:5      | Entered Level 5 of the Dungeon
  3843 | D:4      | HP: 2/59 [orc priest/divine providence (13)]
  3845 | D:4      | Killed from afar by an orc wizard

Skill      XL: |  1  2  3  4  5  6 |
---------------+-------------------+-----
Dodging        | 3 |  3.7
Unarmed Combat | 4 5 |  5.9
Stealth        | 2 |  2.2
Fighting       | |  2.9

Action                   |  1- 3 |  4- 6 || total
-------------------------+-------+-------++-------
Melee: Unarmed           |   109 |   170 ||   279
       Punch             |     1 |     2 ||     3
Invok: Wall Jump         |       |     4 ||     4
       Whirlwind         |       |     1 ||     1
 Abil: Wall Jump         |       |     2 ||     2
  Use: Scroll            |       |     2 ||     2
       Potion            |       |     2 ||     2
 Stab: Sleeping          |     3 |     4 ||     7
  Eat: Chunk             |    24 |    16 ||    40
Armor: Robe              |    57 |    84 ||   141
Dodge: Dodged            |    42 |   133 ||   175
